 Dungeon Crawl Stone Soup version 0.20-a0-463-g5747544 (webtiles) character file.

338 mopl the Insei (level 6, -2/43 HPs)
             Began as a Barachian Transmuter on Jan 10, 2017.
             Killed from afar by Dowan (12 damage)
             ... with a wand of flame (?/48)
             ... on level 5 of the Dungeon.
             The game lasted 00:05:52 (2470 turns).

mopl the Insei (Barachian Transmuter)               Turns: 2470, Time: 00:05:53

Health: -2/43      AC:  2    Str:  8    XL:     6   Next: 55%
Magic:  2/9        EV: 20    Int: 11    God:
Gold:   76         SH:  0    Dex: 19    Spells: 2/9 levels left

rFire  . . .     SeeInvis .       - Unarmed
rCold  . . .     Gourm    .     (armour currently unavailable)
rNeg   . . .     Faith    .     (shield currently unavailable)
rPois  x         Spirit   .     (helmet currently unavailable)
rElec  .         Reflect  .     (cloak currently unavailable)
rCorr  .         Harm     .     (gloves currently unavailable)
MR     .....                    (boots currently unavailable)
Stlth  ++........               k - amulet of regeneration
                                (no ring)
                                (no ring)

@: spider-form (expiring), very slightly contaminated
A: swims, (slowness 0), (strong legs 0)
a: End Transformation


You were on level 5 of the Dungeon.
You were hungry.
You were a venomous arachnid creature.
You visited 1 branch of the dungeon, and saw 5 of its levels.

You collected 76 gold pieces.

Inventory:

Hand Weapons
 g - a +0 short sword
 u - a +2 quarterstaff of chaos (melded)
Missiles
 a - 48 arrows
 i - 77 stones (quivered)
Armour
 b - a +0 robe (melded)
 v - a +0 cloak (melded)
 x - a +1 ring mail of magic resistance
Jewellery
 k - an amulet of regeneration (around neck)
Wands
 s - a wand of paralysis (7/24)
Scrolls
 f - 2 scrolls of enchant weapon {unknown}
 l - 3 scrolls of identify {unknown}
 m - a scroll of blinking {unknown}
 p - a scroll of enchant armour {unknown}
 y - a scroll of teleportation {unknown}
 z - a scroll of fog {unknown}
Potions
 e - 6 potions of curing {unknown}
 h - 3 potions of brilliance {unknown}
 q - a potion of haste {unknown}
 t - a potion of berserk rage {unknown}
 A - a potion of heal wounds {unknown}
Books
 c - a book of Changes

   Spells                             Type                      Level
   a - Beastly Appendage              Transmutation                1
   b - Sticks to Snakes               Transmutation                2
   c - Spider Form                    Transmutation/Poison         3
   d - Ice Form                       Ice/Transmutation            4
   e - Blade Hands                    Transmutation                5
 n - a book of Misfortune

   Spells                             Type                      Level
   a - Confusing Touch                Hexes                        1
   b - Confuse                        Hexes                        3
   c - Gell's Gravitas                Hexes/Translocation          3
   d - Petrify                        Transmutation/Earth          4
   e - Metabolic Englaciation         Hexes/Ice                    5
   f - Yara's Violent Unravelling     Hexes/Transmutation          5
Comestibles
 d - a bread ration
 j - 2 slices of pizza
 o - 2 meat rations
 r - 7 chunks of flesh
 w - a beef jerky
 B - 2 fruits


   Skills:
 - Level 1.1 Fighting
 - Level 2.0 Dodging
 + Level 4.9 Unarmed Combat
 - Level 2.0 Spellcasting
 + Level 4.4 Transmutations
 + Level 2.8 Poison Magic


You had 2 spell levels left.
You knew the following spells:

 Your Spells              Type           Power        Failure   Level  Hunger
a - Beastly Appendage     Tmut           ##....       17%         1    ##.....
b - Spider Form           Tmut/Pois      #.........   41%         3    ####...
c - Confusing Touch       Hex            #.....       52%         1    ##.....
w - Sticks to Snakes      Tmut           ##......     24%         2    ###....


Dungeon Overview and Level Annotations

Branches:
Dungeon (6/15)
 Temple: D:4-7

Altars:
Ashenzari
Fedhas
Yredelemnul

Annotations:
D:5 Dowan, Prince Ribbit


Innate Abilities, Weirdness & Mutations

You can swim through water.
((You cover ground slowly.))
((You can hop short distances.))


Message History

You feel weak for a moment.
Unknown command.
Casting: Spider Form
Confirm with . or Enter, or press ? or * to list all spells.
You turn into a venomous arachnid creature.
Your +2 quarterstaff of chaos melds into your body.
Your +0 cloak melds into your body.
Your +0 robe melds into your body.
Dowan mumbles some strange words.
Dowan blinks!
Dowan casts a spell.
Dowan blinks!
Dowan zaps a wand.
The puff of flame hits you!
* * * LOW HITPOINT WARNING * * *
It is a wand of flame (?/48).
Unknown command.
Your transformation is almost over.
Dowan mumbles some strange words.
Dowan gestures wildly while chanting.
Dowan zaps a wand.
The puff of flame hits you!
You die...

F.
#..................#
#..................#
#..........).......#
...................#
.######....))......#
#............# ..
#....#########
..########....###
...........s....#
..........##....#
..........##....#
..........##....#
..........##....#
..........##....#
..........##....#
..........##e...#
...#########...)#


You could see Dowan.

Vanquished Creatures
  Duvessa (D:5)
  A water moccasin (D:5)
  Crazy Yiuf (D:2)
  A centaur skeleton (D:5)
  An adder (D:2)
  A shadow imp (D:5)
  2 oozes (D:2)
  An adder skeleton (D:6)
  2 worms
  4 orcs
  A giant cockroach (D:2)
  4 goblins (D:1)
  5 hobgoblins
  4 jackals
  2 quokkas (D:2)
  2 ball pythons
  5 bats
  2 frilled lizards (D:2)
  5 kobolds
  5 rats
50 creatures vanquished.

Notes
Turn   | Place    | Note
-------+----------+-------------------------------------------
     0 | D:1      | mopl the Barachian Transmuter began the quest for the Orb.
     0 | D:1      | Reached XP level 1. HP: 15/15 MP: 3/3
   520 | D:1      | Reached XP level 2. HP: 21/21 MP: 5/5
   524 | D:1      | Learned a level 2 spell: Sticks to Snakes
  1236 | D:2      | Found a runed door.
  1320 | D:2      | Reached XP level 3. HP: 26/26 MP: 6/6
  1325 | D:2      | Learned a level 3 spell: Spider Form
  1341 | D:2      | Reached skill level 3 in Transmutations
  1654 | D:2      | Found a blossoming altar of Fedhas.
  1654 | D:2      | Found a basalt altar of Yredelemnul.
  1744 | D:2      | Reached skill level 1 in Poison Magic
  1982 | D:2      | Noticed Crazy Yiuf
  1992 | D:2      | Killed Crazy Yiuf
  1992 | D:2      | Reached XP level 4. HP: 19/32 MP: 3/7
  2058 | D:3      | Found a shattered altar of Ashenzari.
  2130 | D:3      | Reached skill level 4 in Unarmed Combat
  2181 | D:3      | You fall through a shaft for 3 floors!
  2240 | D:5      | Entered Level 5 of the Dungeon
  2249 | D:5      | Reached XP level 5. HP: 25/37 MP: 8/8
  2273 | D:5      | Learned a level 1 spell: Confusing Touch
  2300 | D:5      | Noticed Prince Ribbit
  2307 | D:5      | Noticed a water moccasin
  2315 | D:5      | Killed a water moccasin
  2315 | D:5      | Reached skill level 4 in Transmutations
  2315 | D:5      | Reached skill level 2 in Poison Magic
  2315 | D:5      | Reached XP level 6. HP: 25/43 MP: 6/9
  2442 | D:5      | Noticed Duvessa
  2442 | D:5      | Noticed Dowan
  2458 | D:5      | Killed Duvessa
  2470 | D:5      | Killed from afar by Dowan

Vault maps used:
D:1:      lightli_arrival_lavapool, hangedman_decor_lopped
D:2:      amethyst_overflow_temple_binary, bh_walls_and_bars,
          uniq_crazy_yiuf_cottage
D:3:      corexii_shack_village, evilmike_ruin_ashenzari, old_standard_altar,
          fedhas_altar_1, uniq_robin
D:5:      basic_altar, first_bread, uniq_prince_ribbit1, uniq_duvessa

Skill      XL: |  1  2  3  4  5 |
---------------+----------------+-----
Transmutations | 3 4 |  4.4
Poison Magic   | 1 2 |  2.8
Unarmed Combat | 4 |  4.9
Fighting       | |  1.1
Dodging        | |  2.0
Spellcasting   | |  2.0

Action                   |  1- 3 |  4- 6 || total
-------------------------+-------+-------++-------
Melee: Unarmed           |    30 |    23 ||    53
       Short sword       |   128 |       ||   128
       Dagger            |     7 |       ||     7
       Headbutt          |     2 |       ||     2
       Punch             |     2 |       ||     2
       Kick              |     3 |       ||     3
       Quarterstaff      |       |    28 ||    28
 Cast: Beastly Appendage |    10 |       ||    10
       Sticks to Snakes  |     1 |     1 ||     2
       Spider Form       |     3 |     3 ||     6
 Stab: Sleeping          |     2 |       ||     2
       Paralysed         |       |     4 ||     4
  Eat: Chunk             |     5 |     2 ||     7
Armor: Robe              |    23 |     7 ||    30
Dodge: Dodged            |   125 |    36 ||   161
